 Dungeon Crawl Stone Soup version 0.19-a0-328-g3707654 (webtiles) character file.

103 Foomius the Grave Robber (level 4, -1/30 HPs)
             Began as a Demonspawn Necromancer on May 26, 2016.
             Slain by a giant frog (3 damage)
             ... on level 3 of the Dungeon on May 28, 2016.
             The game lasted 00:15:22 (1760 turns).

Foomius the Grave Robber (Demonspawn Necromancer)   Turns: 1760, Time: 00:15:23

Health: -1/30      AC:  5    Str:  9    XL:     4   Next: 51%
Magic:  1/8        EV: 17    Int: 22    God:
Gold:   91         SH:  0    Dex: 18    Spells: 4 memorised, 1 level left

rFire  . . .     SeeInvis .     r - +0 hunting sling (curse)
rCold  . . .     Gourm    .     s - +0 leather armour
rNeg   . . .     Faith    .     (no shield)
rPois  .         Spirit   .     (helmet restricted)
rElec  .         Dismiss  .     l - +0 cloak
rCorr  .         Reflect  .     e - +0 pair of gloves
SustAt .         Harm     .     (no boots)
MR     .....                    (no amulet)
Stlth  +++.......               (no ring)
                                (no ring)

@: brilliant, agile, not resistant to hostile enchantments, fairly stealthy
A: horns 2, sturdy frame 1
a: no special abilities


You were on level 3 of the Dungeon.
You were not hungry.

You visited 1 branch of the dungeon, and saw 3 of its levels.

You collected 91 gold pieces.

Inventory:

Hand Weapons
 g - a +0 mace
 r - a cursed +0 hunting sling (weapon)
Missiles
 m - 30 stones (quivered)
Armour
 e - a +0 pair of gloves (worn)
 l - a +0 cloak (worn)
 s - a +0 leather armour (worn)
Scrolls
 j - a scroll of identify
 k - a scroll of amnesia
Books
 b - a book of Necromancy

   Spells                             Type                      Level
   a - Pain                           Necromancy                   1
   b - Animate Skeleton               Necromancy                   1
   c - Vampiric Draining              Necromancy                   3
   d - Regeneration                   Charms/Necromancy            3
   e - Animate Dead                   Necromancy                   4
   f - Control Undead                 Necromancy                   4
Comestibles
 c - 2 bread rations
 t - 9 chunks of flesh


   Skills:
 * Level 1.5 Maces & Flails
 - Level 1.7 Dodging
 - Level 1.7 Stealth
 - Level 3.0 Spellcasting
 + Level 0.3 Charms
 + Level 5.4 Necromancy


You had one spell level left.
You knew the following spells:

 Your Spells              Type           Power        Failure   Level  Hunger
a - Pain                  Necr           ####         1%          1    None
b - Animate Skeleton      Necr           N/A          1%          1    None
g - Regeneration          Chrm/Necr      ####......   1%          3    ###....
v - Vampiric Draining     Necr           #####.....   1%          3    ###....


Dungeon Overview and Level Annotations

Branches:
Dungeon (3/15)

Altars:
Fedhas

Annotations:
D:2 Sigmund
D:3 Grinder


Innate Abilities, Weirdness & Mutations

You have a pair of horns on your head.
Your movements are slightly less encumbered by armour. (ER -2)


Message History

You aren't carrying any rechargeable items.
The giant frog hits you. The giant frog closely misses you.
Read which item? (? for menu, Esc to quit)
As you read the scroll labeled XUMIESS TAHA, it crumbles to dust.
The scroll dissolves into smoke.
It was a scroll of fog.
The giant frog barely misses you. The giant frog hits you.
The giant frog hits you!
* * * LOW HITPOINT WARNING * * *
The giant frog completely misses you. The giant frog hits you.
* * * LOW HITPOINT WARNING * * *
Drink which item? (? for menu, Esc to quit)
It was a potion of brilliance.
You feel clever all of a sudden.
The giant frog hits you but does no damage.
Drink which item? (? for menu, Esc to quit)
You feel agile all of a sudden. The giant frog hits you.
You die...

*,*#.≈≈≈..(g,,,,,* #.# *,*
****,##.≈?≈.((#...***##.##*,#
*,,,,...≈≈≈.(.##.#* ##...##.##***
*,**,*#......(##.####..$..#.5,,,,
..##.##.#..[(.##.........!..,,,**
...*.........(##..#*#.....#***,**
...,........((..<.# *#...#* *,**
...*#.###.##§###.## *#.#* *,**
..#*#.# #.##§# #@# #.#### *,**
#.# #.# #.##§# #F# #...<#**,**
#.# #.###.##§###.# ####.#*,,**
#.###.##...#§§§§.# #.#*,***
#.........Z§§##### #.#*,*
†.....##..)### #.#*,*
.######...Z.###### #######.#*,*
.# #.#...Z....###.......#*,* .#
#.#............#######*,*


You could see a giant frog (inner flame).

Vanquished Creatures
  Robin (D:3)
  3 adders (D:2)
  An ooze (D:1)
  A dart slug (D:1)
  A giant gecko (D:1)
  A giant cockroach (D:2)
  7 hobgoblins
  6 jackals
  3 kobolds
  A quokka (D:3)
  8 bats
  A giant newt (D:1)
  12 goblins
  5 rats
51 creatures vanquished.

Vanquished Creatures (collateral kills)
  A goblin (D:3)
  A hobgoblin (D:3)
2 creatures vanquished.

Grand Total: 53 creatures vanquished

Notes
Turn   | Place    | Note
--------------------------------------------------------------
     0 | D:1      | Foomius the Demonspawn Necromancer began the quest for the Orb.
     0 | D:1      | Reached XP level 1. HP: 13/13 MP: 3/3
   104 | D:1      | Gained mutation: Your movements are slightly less encumbered by armour. (ER -2) [demonic ancestry]
   104 | D:1      | Reached XP level 2. HP: 4/19 MP: 0/5
   697 | D:1      | Reached skill level 5 in Necromancy
   877 | D:2      | Gained mutation: You have a pair of small horns on your head. [demonic ancestry]
   877 | D:2      | Reached XP level 3. HP: 19/24 MP: 1/7
   882 | D:2      | Learned a level 3 spell: Vampiric Draining
   986 | D:2      | Noticed Sigmund
  1049 | D:2      | Reached skill level 1 in Maces & Flails
  1260 | D:2      | Found a blossoming altar of Fedhas.
  1396 | D:2      | Gained mutation: You have a pair of horns on your head. [demonic ancestry]
  1396 | D:2      | Reached XP level 4. HP: 27/30 MP: 3/8
  1401 | D:2      | Learned a level 3 spell: Regeneration
  1403 | D:2      | Learned a level 1 spell: Animate Skeleton
  1429 | D:3      | Noticed Grinder
  1473 | D:3      | Noticed Robin
  1525 | D:3      | Upgraded the game from 0.19-a0-277-g85cb9a5 to 0.19-a0-328-g3707654
  1550 | D:3      | Killed Robin
  1728 | D:3      | Noticed a giant frog
  1758 | D:3      | HP: 1/30 [giant frog (3)]
  1760 | D:3      | Slain by a giant frog

Vault maps used:
D:1:      erik_arrival_triangle_small, minmay_misc_feat_enclosed,
          minmay_misc_feat_cross
D:2:      lemuel_crystal_altar, nicolae_overflow_hidden_temple,
          uniq_crazy_yiuf_cottage, uniq_sigmund
D:3:      corexii_item_surrounded_by_moat, uniq_grinder, uniq_robin,
          uniq_natasha

Skill      XL: |  1  2  3  4 |
---------------+-------------+-----
Necromancy     | 5 |  5.4
Maces & Flails | 1 |  1.5
Spellcasting   | 3 |  3.0
Dodging        | |  1.7
Stealth        | |  1.7
Charms         | |  0.3

Action                   |  1- 3 |  4- 6 || total
-------------------------+-------+-------++-------
Melee: Mace              |    37 |       ||    37
 Fire: Hunting sling     |       |    26 ||    26
Throw: Stone             |       |     1 ||     1
 Cast: Pain              |    43 |    17 ||    60
       Vampiric Draining |     1 |     2 ||     3
       Animate Skeleton  |       |     6 ||     6
  Use: Scroll            |       |     6 ||     6
       Potion            |       |     3 ||     3
  Eat: Chunk             |     2 |     1 ||     3
Armor: Robe              |    15 |     2 ||    17
       Leather armour    |       |     5 ||     5
Dodge: Dodged            |    54 |    18 ||    72
